Washington Capitals vs Tampa Bay Lightning
Created - Sunday, June 25, 2023 at 06:39
Goals
|
| Washington Capitals |
0 |
1 |
2 |
3 |
| Tampa Bay Lightning |
2 |
0 |
3 |
5 |
|
Shots
|
| Washington Capitals |
8 |
15 |
8 |
31 |
| Tampa Bay Lightning |
10 |
6 |
8 |
24 |
|
1st period
1. Tampa Bay Lightning , Lars Eller 8 (Ivan Barbashev 8, Vladislav Gavrikov 24) at 5:35
2. Tampa Bay Lightning , Johnny Gaudreau 38 (Tomas Hertl 44) at 19:02
Penalties :
Brad Marchand (WSH) for Elbowing (Minor) at 19:43
2nd period
3. Washington Capitals , Jason Robertson 29 (Brad Marchand 44) at 5:08
Penalties :
Drake Batherson (WSH) for Goalie Interference (Minor) at 11:00
3rd period
4. Washington Capitals , Jason Robertson 30 (Brad Marchand 45, Nico Hischier 35) at 0:33
5. Tampa Bay Lightning , Kirill Kaprizov 33 (Johnny Gaudreau 45, Moritz Seider 29) at 1:26 (PP)
6. Tampa Bay Lightning , Alexander Kerfoot 7 (Lars Eller 14) at 13:10
7. Washington Capitals , Brad Marchand 30 (Barrett Hayton 15) at 17:12 (PP)
8. Tampa Bay Lightning , Christian Dvorak 8 (Dylan Cozens 20, Roope Hintz 27) at 17:16
Penalties :
Brad Marchand (WSH) for Hooking (Minor) at 1:14, Hampus Lindholm (TBL) for Holding (Minor) at 2:42, Drake Batherson (WSH) for High sticking (Minor) at 7:43, Vladislav Gavrikov (TBL) for Hooking (Minor) at 16:25, Dylan Cozens (TBL) for Hooking (Minor) at 17:45
Goalie Stats
Jake Oettinger (WSH), 19 saves from 24 shots - (0.792), L, 37-24-2, 60:00 minutes
Darcy Kuemper (TBL), 28 saves from 31 shots - (0.903), W, 26-20-5, 60:00 minutes
Players Stats for Washington Capitals
Player Name G A P +/- PIM S H SB GA TA FO MP PP MP PK MP
------------------------------------------------------------------------------------
Alex Ovechkin 0 0 0 -1 0 2 1 0 0 1 1/2 20:10 3:07 0:00
Barrett Hayton 0 1 1 -2 0 2 1 0 0 0 1/4 13:36 1:38 1:55
Brad Marchand 1 2 3 1 4 3 2 0 0 0 0/1 17:54 1:38 1:57
Brayden Point 0 0 0 -1 0 4 2 0 0 0 11/24 20:10 3:07 0:00
Connor Murphy 0 0 0 -1 0 0 1 1 0 1 0/0 20:26 1:40 2:18
Drake Batherson 0 0 0 -2 4 3 3 1 0 0 0/0 10:18 0:00 0:00
Dylan DeMelo 0 0 0 -2 0 1 1 1 0 1 0/0 16:49 0:00 0:00
Fabian Zetterlund 0 0 0 0 0 1 1 0 0 0 1/1 7:45 0:00 0:00
Ian Cole 0 0 0 1 0 0 0 0 0 0 0/0 15:23 0:00 0:17
Isac Lundestrom 0 0 0 0 0 1 2 0 0 0 5/10 11:16 0:00 3:29
Jason Robertson 2 0 2 1 0 2 3 2 0 0 0/2 15:16 1:38 0:00
John Carlson 0 0 0 -2 0 4 1 4 0 0 0/0 26:16 3:05 3:41
Jordan Kyrou 0 0 0 -2 0 1 0 0 0 0 0/0 13:49 0:00 2:50
Nick Jensen 0 0 0 1 0 0 0 1 0 0 0/0 20:02 3:05 2:28
Nico Hischier 0 1 1 1 0 1 0 2 1 0 1/9 16:44 0:00 2:07
Nikita Zaitsev 0 0 0 -1 0 0 0 2 0 0 0/0 19:50 1:40 3:34
Owen Tippett 0 0 0 0 0 2 0 0 0 1 0/0 7:45 0:00 0:00
Patrick Kane 0 0 0 -1 0 4 0 0 0 1 1/4 20:18 3:07 0:00
Players Stats for Tampa Bay Lightning
Player Name G A P +/- PIM S H SB GA TA FO MP PP MP PK MP
------------------------------------------------------------------------------------
Alexander Kerfoot 1 0 1 2 0 2 2 1 0 0 1/2 9:57 0:00 0:00
Alexander Romanov 0 0 0 -1 0 0 1 0 0 0 0/0 16:05 0:00 2:22
Anze Kopitar 0 0 0 -1 0 2 1 1 0 0 18/27 19:54 2:31 3:15
Christian Dvorak 1 0 1 0 0 2 0 2 0 0 0/0 12:46 0:00 0:50
Connor Brown 0 0 0 1 0 1 0 0 0 0 0/1 13:41 0:00 0:50
Darnell Nurse 0 0 0 2 0 0 1 4 0 0 0/0 25:18 3:26 2:23
Dylan Cozens 0 1 1 0 2 0 0 1 0 0 0/0 12:30 0:08 0:00
Gabriel Landeskog 0 0 0 -1 0 3 2 0 1 0 1/1 16:48 2:31 0:00
Hampus Lindholm 0 0 0 -1 2 0 3 1 0 0 0/0 15:49 2:43 0:00
Ivan Barbashev 0 1 1 2 0 1 2 0 1 0 0/0 10:11 0:00 0:00
Johnny Gaudreau 1 1 2 1 0 4 1 1 0 0 0/1 16:23 3:30 0:00
Kirill Kaprizov 1 0 1 -1 0 4 1 0 1 0 1/1 18:29 3:38 0:40
Lars Eller 1 1 2 2 0 2 1 0 0 0 1/4 10:37 0:00 0:40
Moritz Seider 0 1 1 1 0 0 1 1 1 0 0/0 19:23 3:26 0:00
Roope Hintz 0 1 1 0 0 0 1 0 0 0 6/7 14:25 2:31 0:00
Ryan Graves 0 0 0 1 0 0 1 1 0 0 0/0 21:28 2:43 2:23
Tomas Hertl 0 1 1 1 0 2 2 0 0 0 8/13 19:49 3:38 3:15
Vladislav Gavrikov 0 1 1 2 2 1 2 1 1 1 0/0 21:39 0:00 2:22
3 Stars
1 - Jason Robertson (WSH)
2 - Lars Eller (TBL)
3 - Johnny Gaudreau (TBL)
Power Play
Washington Capitals - 1 on 3 Attempt(s) - 33.33%
Tampa Bay Lightning - 1 on 4 Attempt(s) - 25.00%
Penalty Kill
Washington Capitals - 3 on 4 Attempt(s) - 75.00%
- Score 0 goal in Penalty Kill
Tampa Bay Lightning - 2 on 3 Attempt(s) - 66.67%
- Score 0 goal in Penalty Kill
Team Stat
Washington Capitals - Hits : 18 - Faceoff Wins : 21 - Blocked Shots : 14 - Penalty Minutes : 8
Tampa Bay Lightning - Hits : 22 - Faceoff Wins : 36 - Blocked Shots : 14 - Penalty Minutes : 6
Official
Referees : TJ Luxmore and Francois StLaurent
Linesman : John Grandt and Kiel Murchison
Game Notes
No Game Note
Finance
Level 1 -- Attendance: 6000 (100.00%) -- Ticket Income $570,000
Level 2 -- Attendance: 5000 (100.00%) -- Ticket Income $275,000
Level 3 -- Attendance: 2668 (88.93%) -- Ticket Income $90,712
Level 4 -- Attendance: 4939 (98.78%) -- Ticket Income $103,719
Luxury Box -- Attendance: 1000 (100.00%) -- Ticket Income $195,000
Game was played at the Tampa Bay Times Forum.
Total Attendance: 19607 (98.04%)
Total Ticket Income: $1,234,431
Other Income: $432,051
Total Income: $1,666,482
Washington Capitals
5 vs 5 Forward
Center Left Wing Right Wing Time % Phy DF OF
1 Brayden Point Alex Ovechkin Patrick Kane 40 1 2 2
2 Nico Hischier Brad Marchand Jason Robertson 30 1 2 2
3 Barrett Hayton Jordan Kyrou Drake Batherson 20 1 2 2
4 Isac Lundestrom Fabian Zetterlund Owen Tippett 10 1 2 2
5 vs 5 Defense
Defense Defense Time % Phy DF OF
1 John Carlson Dylan DeMelo 40 1 2 2
2 Connor Murphy Nikita Zaitsev 30 1 2 2
3 Ian Cole Nick Jensen 20 1 2 2
4 John Carlson Connor Murphy 10 1 2 2
PowerPlay Forward
Center Left Wing Right Wing Time % Phy DF OF
1 Brayden Point Alex Ovechkin Patrick Kane 60 1 2 2
2 Barrett Hayton Brad Marchand Jason Robertson 40 1 2 2
PowerPlay Defense
Defense Defense Time % Phy DF OF
1 John Carlson Nick Jensen 60 1 2 2
2 Connor Murphy Nikita Zaitsev 40 1 2 2
Penalty Kill 4 Players Forward
Center Wing Time % Phy DF OF
1 Isac Lundestrom Brad Marchand 60 1 2 2
2 Nico Hischier Barrett Hayton 40 1 2 2
Penalty Kill 4 Players Defense
Defense Defense Time % Phy DF OF
1 John Carlson Nikita Zaitsev 60 1 2 2
2 Connor Murphy Nick Jensen 40 1 2 2
Penalty Kill - 3 Players Forward
Forward Time % Phy DF OF
1 Isac Lundestrom 60 1 2 2
2 Brad Marchand 40 1 2 2
Penalty Kill - 3 Players Defense
Defense Defense Time % Phy DF OF
1 John Carlson Nikita Zaitsev 60 1 2 2
2 Connor Murphy Nick Jensen 40 1 2 2
4 vs 4 Forward
Center Wing Time % Phy DF OF
1 Brayden Point Alex Ovechkin 60 1 2 2
2 Nico Hischier Patrick Kane 40 1 2 2
4 vs 4 Defense
Defense Defense Time % Phy DF OF
1 John Carlson Ian Cole 60 1 2 2
2 Connor Murphy Nikita Zaitsev 40 1 2 2
Last Minutes Offensive
Center Left Wing Right Wing Defense Defense
Brayden Point Alex Ovechkin Patrick Kane John Carlson Dylan DeMelo
Last Minutes Defensive
Center Left Wing Right Wing Defense Defense
Isac Lundestrom Barrett Hayton Brad Marchand John Carlson Dylan DeMelo
Goaltenders
Starting : Jake Oettinger
Backup : Vitek Vanecek
Extra Forwards
Normal : Isac Lundestrom, Drake Batherson, Jordan Kyrou - PP : Isac Lundestrom, Drake Batherson - PK : Jordan Kyrou
Extra Defensemen
Normal : Ian Cole, Nikita Zaitsev, Connor Murphy - PP : Ian Cole - PK : John Carlson, Connor Murphy
Penalty Shots
Brayden Point, Alex Ovechkin, Patrick Kane, Brad Marchand, Jason Robertson
Tampa Bay Lightning
5 vs 5 Forward
Center Left Wing Right Wing Time % Phy DF OF
1 Anze Kopitar Gabriel Landeskog Kirill Kaprizov 35 1 2 2
2 Tomas Hertl Johnny Gaudreau Connor Brown 32 1 2 2
3 Roope Hintz Christian Dvorak Dylan Cozens 28 1 2 2
4 Lars Eller Alexander Kerfoot Ivan Barbashev 5 1 2 2
5 vs 5 Defense
Defense Defense Time % Phy DF OF
1 Darnell Nurse Vladislav Gavrikov 40 1 2 2
2 Moritz Seider Ryan Graves 35 1 2 2
3 Hampus Lindholm Alexander Romanov 25 1 2 2
4 Darnell Nurse Vladislav Gavrikov 0 1 2 2
PowerPlay Forward
Center Left Wing Right Wing Time % Phy DF OF
1 Tomas Hertl Johnny Gaudreau Kirill Kaprizov 60 1 2 2
2 Anze Kopitar Roope Hintz Gabriel Landeskog 40 1 2 2
PowerPlay Defense
Defense Defense Time % Phy DF OF
1 Moritz Seider Darnell Nurse 60 1 2 2
2 Hampus Lindholm Ryan Graves 40 1 2 2
Penalty Kill 4 Players Forward
Center Wing Time % Phy DF OF
1 Anze Kopitar Tomas Hertl 60 1 2 2
2 Christian Dvorak Connor Brown 40 1 2 2
Penalty Kill 4 Players Defense
Defense Defense Time % Phy DF OF
1 Alexander Romanov Vladislav Gavrikov 60 1 2 2
2 Ryan Graves Darnell Nurse 40 1 2 2
Penalty Kill - 3 Players Forward
Forward Time % Phy DF OF
1 Tomas Hertl 60 1 2 2
2 Anze Kopitar 40 1 2 2
Penalty Kill - 3 Players Defense
Defense Defense Time % Phy DF OF
1 Alexander Romanov Vladislav Gavrikov 60 1 2 2
2 Ryan Graves Darnell Nurse 40 1 2 2
4 vs 4 Forward
Center Wing Time % Phy DF OF
1 Anze Kopitar Gabriel Landeskog 60 1 2 2
2 Tomas Hertl Connor Brown 40 1 2 2
4 vs 4 Defense
Defense Defense Time % Phy DF OF
1 Darnell Nurse Vladislav Gavrikov 60 1 2 2
2 Moritz Seider Ryan Graves 40 1 2 2
Last Minutes Offensive
Center Left Wing Right Wing Defense Defense
Anze Kopitar Gabriel Landeskog Kirill Kaprizov Darnell Nurse Moritz Seider
Last Minutes Defensive
Center Left Wing Right Wing Defense Defense
Anze Kopitar Tomas Hertl Connor Brown Darnell Nurse Vladislav Gavrikov
Goaltenders
Starting : Darcy Kuemper
Backup : Jeremy Swayman
Extra Forwards
Normal : Kirill Kaprizov, Gabriel Landeskog, Dylan Cozens - PP : Dylan Cozens, Ivan Barbashev - PK : Lars Eller
Extra Defensemen
Normal : Moritz Seider, Darnell Nurse, Hampus Lindholm - PP : Vladislav Gavrikov - PK : Moritz Seider, Hampus Lindholm
Penalty Shots
Christian Dvorak, Anze Kopitar, Kirill Kaprizov, Johnny Gaudreau, Alexander Kerfoot
% Time on Ice - Washington Capitals
Lines # - Real PCT - Wanted PCT - Time Play
Normal Forward
1 - 37% - 40% - 17:59
2 - 28% - 30% - 13:38
3 - 20% - 20% - 9:44
4 - 16% - 10% - 7:45
Normal Defense
1 - 39% - 40% - 19:04
2 - 29% - 30% - 14:10
3 - 28% - 20% - 13:43
4 - 4% - 10% - 2:09
PP Forward
1 - 66% - 60% - 3:07
2 - 34% - 40% - 1:38
PP Defense
1 - 65% - 60% - 3:05
2 - 35% - 40% - 1:40
PK Forward
1 - 82% - 60% - 5:03
2 - 18% - 40% - 1:06
PK Defense
1 - 60% - 60% - 3:41
2 - 40% - 40% - 2:28
PK3 Forward
1 - 0% - 60%
2 - 0% - 40%
PK3 Defense
1 - 0% - 60%
2 - 0% - 40%
44 Forward
1 - 0% - 60%
2 - 0% - 40%
44 Defense
1 - 0% - 60%
2 - 0% - 40%
Last Minute Offensive - 0:00
Last Minute Defensive - 0:00
Total
Forward - 60:00
Defense - 60:00
|
% Time on Ice - Tampa Bay Lightning
Lines # - Real PCT - Wanted PCT - Time Play
Normal Forward
1 - 29% - 35% - 14:24
2 - 26% - 32% - 12:51
3 - 24% - 28% - 11:54
4 - 20% - 5% - 9:57
Normal Defense
1 - 40% - 40% - 19:35
2 - 33% - 35% - 16:09
3 - 27% - 25% - 13:06
4 - 1% - 0% - 0:16
PP Forward
1 - 59% - 60% - 3:38
2 - 41% - 40% - 2:31
PP Defense
1 - 56% - 60% - 3:26
2 - 44% - 40% - 2:43
PK Forward
1 - 82% - 60% - 3:55
2 - 18% - 40% - 0:50
PK Defense
1 - 50% - 60% - 2:22
2 - 50% - 40% - 2:23
PK3 Forward
1 - 0% - 60%
2 - 0% - 40%
PK3 Defense
1 - 0% - 60%
2 - 0% - 40%
44 Forward
1 - 0% - 60%
2 - 0% - 40%
44 Defense
1 - 0% - 60%
2 - 0% - 40%
Last Minute Offensive - 0:00
Last Minute Defensive - 0:00
Total
Forward - 60:00
Defense - 60:00
|
Play-by-Play
1st period
0:01 of 1st period - Brayden Point wins face-off versus Anze Kopitar in neutral zone.
0:04 of 1st period - Slapshot by Patrick Kane.
0:04 of 1st period - Stopped by Darcy Kuemper without a rebound.
0:05 of 1st period - Brayden Point wins face-off versus Anze Kopitar in Tampa Bay Lightning zone.
0:31 of 1st period - Wrist shot by Gabriel Landeskog.
0:31 of 1st period - Stopped by Jake Oettinger without a rebound.
0:32 of 1st period - Tomas Hertl wins face-off versus Nico Hischier in Washington Capitals zone.
0:41 of 1st period - Wrist shot by Tomas Hertl.
0:41 of 1st period - Shot Misses the Net.
0:43 of 1st period - Slapshot by Ryan Graves.
0:43 of 1st period - Shot Blocked by Nikita Zaitsev.
0:45 of 1st period - Wrist shot by Tomas Hertl.
0:45 of 1st period - Stopped by Jake Oettinger with a rebound.
0:47 of 1st period - Backhand shot by Moritz Seider.
0:47 of 1st period - Shot Blocked by Nico Hischier.
0:49 of 1st period - Snap shot by Connor Brown.
0:49 of 1st period - Deflect By Nico Hischier.
0:49 of 1st period - Shot Misses the Net.
0:49 of 1st period - Puck is out of play.
0:50 of 1st period - Roope Hintz wins face-off versus Barrett Hayton in Washington Capitals zone.
1:01 of 1st period - Snap shot by Drake Batherson.
1:01 of 1st period - Shot Misses the Net.
1:03 of 1st period - Slapshot by Nick Jensen.
1:03 of 1st period - Shot Blocked by Hampus Lindholm.
1:05 of 1st period - Wrist shot by Jordan Kyrou.
1:05 of 1st period - Stopped by Darcy Kuemper without a rebound.
1:06 of 1st period - Isac Lundestrom wins face-off versus Lars Eller in Tampa Bay Lightning zone.
1:09 of 1st period - Wrist shot by Fabian Zetterlund.
1:09 of 1st period - Stopped by Darcy Kuemper without a rebound.
1:10 of 1st period - Fabian Zetterlund wins face-off versus Lars Eller in Tampa Bay Lightning zone.
2:40 of 1st period - Snap shot by Alexander Kerfoot.
2:40 of 1st period - Shot Blocked by John Carlson.
2:42 of 1st period - Wrist shot by Ivan Barbashev.
2:42 of 1st period - Deflect By Lars Eller.
2:42 of 1st period - Shot Misses the Net.
2:42 of 1st period - Puck is out of play.
2:43 of 1st period - Lars Eller wins face-off versus Brayden Point in Washington Capitals zone.
3:00 of 1st period - Snap shot by Alex Ovechkin.
3:00 of 1st period - Shot Misses the Net.
3:31 of 1st period - Nikita Zaitsev is hit by Ivan Barbashev and loses puck.
4:16 of 1st period - Patrick Kane is hit by Alexander Kerfoot.
4:27 of 1st period - Snap shot by Brayden Point.
4:27 of 1st period - Shot Misses the Net.
4:35 of 1st period - Slapshot by Brayden Point.
4:35 of 1st period - Shot Misses the Net.
5:17 of 1st period - Snap shot by Alex Ovechkin.
5:17 of 1st period - Deflect By Brayden Point.
5:17 of 1st period - Deflect By Darnell Nurse.
5:17 of 1st period - Stopped by Darcy Kuemper with a rebound.
5:33 of 1st period - Wrist shot by Ivan Barbashev.
5:33 of 1st period - Shot Blocked by Connor Murphy.
5:35 of 1st period - Snap shot by Lars Eller.
5:35 of 1st period - Goal by Lars Eller - Washington Capitals : 0 - Tampa Bay Lightning : 1.
5:36 of 1st period - Nico Hischier wins face-off versus Anze Kopitar in neutral zone.
5:49 of 1st period - Wrist shot by Kirill Kaprizov.
5:49 of 1st period - Stopped by Jake Oettinger with a rebound.
5:51 of 1st period - Snap shot by Hampus Lindholm.
5:51 of 1st period - Shot Blocked by John Carlson.
6:03 of 1st period - John Carlson is hit by Hampus Lindholm and loses puck.
6:30 of 1st period - Isac Lundestrom is hit by Roope Hintz.
7:42 of 1st period - Ian Cole is hit by Kirill Kaprizov and loses puck.
8:00 of 1st period - Alexander Romanov is hit by Drake Batherson and loses puck.
11:11 of 1st period - Alexander Kerfoot is hit by Alex Ovechkin and loses puck.
13:13 of 1st period - Jordan Kyrou is hit by Gabriel Landeskog and loses puck.
13:34 of 1st period - Backhand shot by Johnny Gaudreau.
13:34 of 1st period - Stopped by Jake Oettinger without a rebound.
13:35 of 1st period - Tomas Hertl wins face-off versus Isac Lundestrom in Washington Capitals zone.
13:50 of 1st period - Wrist shot by Owen Tippett.
13:50 of 1st period - Shot Misses the Net.
14:05 of 1st period - Jason Robertson is hit by Lars Eller and loses puck.
14:27 of 1st period - Snap shot by Ivan Barbashev.
14:27 of 1st period - Stopped by Jake Oettinger with a rebound.
14:49 of 1st period - Wrist shot by Lars Eller.
14:49 of 1st period - Stopped by Jake Oettinger without a rebound.
14:50 of 1st period - Anze Kopitar wins face-off versus Isac Lundestrom in Washington Capitals zone.
14:51 of 1st period - Slapshot by Kirill Kaprizov.
14:51 of 1st period - Stopped by Jake Oettinger without a rebound.
14:52 of 1st period - Anze Kopitar wins face-off versus Nico Hischier in Washington Capitals zone.
15:03 of 1st period - Wrist shot by Anze Kopitar.
15:03 of 1st period - Shot Blocked by Jason Robertson.
15:19 of 1st period - Johnny Gaudreau is hit by Brayden Point and loses puck.
15:51 of 1st period - Slapshot by Isac Lundestrom.
15:51 of 1st period - Shot Misses the Net.
16:09 of 1st period - Wrist shot by Johnny Gaudreau.
16:09 of 1st period - Stopped by Jake Oettinger without a rebound.
16:10 of 1st period - Brayden Point wins face-off versus Anze Kopitar in Washington Capitals zone.
16:10 of 1st period - Brayden Point is hit by Gabriel Landeskog.
16:22 of 1st period - Slapshot by Alex Ovechkin.
16:22 of 1st period - Shot Blocked by Anze Kopitar.
17:01 of 1st period - Snap shot by Barrett Hayton.
17:01 of 1st period - Stopped by Darcy Kuemper with a rebound.
17:03 of 1st period - Snap shot by Drake Batherson.
17:03 of 1st period - Stopped by Darcy Kuemper with a rebound.
17:36 of 1st period - Snap shot by Owen Tippett.
17:36 of 1st period - Stopped by Darcy Kuemper with a rebound.
17:38 of 1st period - Wrist shot by Isac Lundestrom.
17:38 of 1st period - Shot Blocked by Christian Dvorak.
17:40 of 1st period - Slapshot by Fabian Zetterlund.
17:40 of 1st period - Shot Blocked by Dylan Cozens.
17:42 of 1st period - Snap shot by Fabian Zetterlund.
17:42 of 1st period - Shot Hit the Post.
17:44 of 1st period - Slapshot by Nikita Zaitsev.
17:44 of 1st period - Shot Blocked by Darnell Nurse.
18:14 of 1st period - Snap shot by Barrett Hayton.
18:14 of 1st period - Shot Misses the Net.
19:02 of 1st period - Wrist shot by Johnny Gaudreau.
19:02 of 1st period - Goal by Johnny Gaudreau - Washington Capitals : 0 - Tampa Bay Lightning : 2.
19:03 of 1st period - Brayden Point wins face-off versus Anze Kopitar in neutral zone.
19:09 of 1st period - Off-side.
19:10 of 1st period - Brayden Point wins face-off versus Anze Kopitar in neutral zone.
19:19 of 1st period - Wrist shot by Brayden Point.
19:19 of 1st period - Shot Misses the Net.
19:21 of 1st period - Slapshot by Brayden Point.
19:21 of 1st period - Shot Misses the Net.
19:23 of 1st period - Slapshot by John Carlson.
19:23 of 1st period - Stopped by Darcy Kuemper without a rebound.
19:24 of 1st period - Anze Kopitar wins face-off versus Jason Robertson in Tampa Bay Lightning zone.
19:31 of 1st period - Dylan DeMelo is hit by Anze Kopitar and loses puck.
19:43 of 1st period - Minor Penalty to Brad Marchand for Elbowing.
19:44 of 1st period - Tomas Hertl wins face-off versus Isac Lundestrom in Washington Capitals zone.
Goals for this period are 0 for Washington Capitals vs 2 for Tampa Bay Lightning.
Shots for this period are 8 for Washington Capitals vs 10 for Tampa Bay Lightning.
2nd period
0:01 of 2nd period - Tomas Hertl wins face-off versus Isac Lundestrom in neutral zone.
0:32 of 2nd period - Slapshot by Johnny Gaudreau.
0:32 of 2nd period - Stopped by Jake Oettinger without a rebound.
0:33 of 2nd period - Anze Kopitar wins face-off versus Isac Lundestrom in Washington Capitals zone.
1:43 of 2nd period - Penalty to Brad Marchand is over, Brad Marchand is back on ice.
2:19 of 2nd period - Snap shot by Brad Marchand.
2:19 of 2nd period - Shot Misses the Net.
2:21 of 2nd period - Backhand shot by Nico Hischier.
2:21 of 2nd period - Shot Misses the Net.
2:23 of 2nd period - Snap shot by John Carlson.
2:23 of 2nd period - Deflect By Roope Hintz.
2:23 of 2nd period - Stopped by Darcy Kuemper without a rebound.
2:24 of 2nd period - Kirill Kaprizov wins face-off versus Patrick Kane in Tampa Bay Lightning zone.
2:30 of 2nd period - Off-side.
2:31 of 2nd period - Anze Kopitar wins face-off versus Brayden Point in neutral zone.
2:36 of 2nd period - Snap shot by Gabriel Landeskog.
2:36 of 2nd period - Stopped by Jake Oettinger with a rebound.
3:08 of 2nd period - Wrist shot by Brayden Point.
3:08 of 2nd period - Stopped by Darcy Kuemper with a rebound.
3:10 of 2nd period - Snap shot by Brayden Point.
3:10 of 2nd period - Stopped by Darcy Kuemper with a rebound.
3:12 of 2nd period - Wrist shot by Alex Ovechkin.
3:12 of 2nd period - Stopped by Darcy Kuemper without a rebound.
3:13 of 2nd period - Isac Lundestrom wins face-off versus Tomas Hertl in Tampa Bay Lightning zone.
3:14 of 2nd period - Slapshot by John Carlson.
3:14 of 2nd period - Shot Blocked by Ryan Graves.
3:22 of 2nd period - Slapshot by Isac Lundestrom.
3:22 of 2nd period - Stopped by Darcy Kuemper with a rebound.
3:24 of 2nd period - Wrist shot by Owen Tippett.
3:24 of 2nd period - Stopped by Darcy Kuemper with a rebound.
3:26 of 2nd period - Slapshot by Dylan DeMelo.
3:26 of 2nd period - Shot Misses the Net.
3:38 of 2nd period - Dylan Cozens is hit by Jason Robertson and loses puck.
3:50 of 2nd period - Icing by Brad Marchand.
3:51 of 2nd period - Tomas Hertl wins face-off versus Nico Hischier in Washington Capitals zone.
4:00 of 2nd period - Wrist shot by Tomas Hertl.
4:00 of 2nd period - Stopped by Jake Oettinger with a rebound.
4:02 of 2nd period - Slapshot by Vladislav Gavrikov.
4:02 of 2nd period - Shot Misses the Net.
4:06 of 2nd period - Wrist shot by Johnny Gaudreau.
4:06 of 2nd period - Deflect By Connor Brown.
4:06 of 2nd period - Shot Blocked by Nico Hischier.
4:06 of 2nd period - Puck is out of play.
4:07 of 2nd period - Gabriel Landeskog wins face-off versus Brayden Point in Washington Capitals zone.
4:36 of 2nd period - Snap shot by Jordan Kyrou.
4:36 of 2nd period - Shot Misses the Net.
4:42 of 2nd period - Ian Cole is hit by Moritz Seider and loses puck.
5:08 of 2nd period - Wrist shot by Jason Robertson.
5:08 of 2nd period - Goal by Jason Robertson - Washington Capitals : 1 - Tampa Bay Lightning : 2.
5:09 of 2nd period - Anze Kopitar wins face-off versus Nico Hischier in neutral zone.
5:18 of 2nd period - Wrist shot by Gabriel Landeskog.
5:18 of 2nd period - Shot Blocked by Dylan DeMelo.
5:36 of 2nd period - Brayden Point is hit by Tomas Hertl and loses puck.
6:06 of 2nd period - Wrist shot by Christian Dvorak.
6:06 of 2nd period - Shot Blocked by Drake Batherson.
6:08 of 2nd period - Slapshot by Vladislav Gavrikov.
6:08 of 2nd period - Shot Blocked by Nikita Zaitsev.
7:05 of 2nd period - Snap shot by Alexander Kerfoot.
7:05 of 2nd period - Stopped by Jake Oettinger without a rebound.
7:06 of 2nd period - Alexander Kerfoot wins face-off versus Patrick Kane in Washington Capitals zone.
7:22 of 2nd period - Slapshot by Ian Cole.
7:22 of 2nd period - Shot Blocked by Alexander Kerfoot.
7:24 of 2nd period - Wrist shot by Alex Ovechkin.
7:24 of 2nd period - Shot Misses the Net.
7:26 of 2nd period - Slapshot by Nick Jensen.
7:26 of 2nd period - Deflect By Alex Ovechkin.
7:26 of 2nd period - Shot Misses the Net.
7:26 of 2nd period - Puck is out of play.
7:27 of 2nd period - Anze Kopitar wins face-off versus Nico Hischier in Tampa Bay Lightning zone.
8:15 of 2nd period - Snap shot by Barrett Hayton.
8:15 of 2nd period - Shot Blocked by Christian Dvorak.
8:17 of 2nd period - Slapshot by Nikita Zaitsev.
8:17 of 2nd period - Shot Misses the Net.
8:19 of 2nd period - Wrist shot by Barrett Hayton.
8:19 of 2nd period - Shot Misses the Net.
8:21 of 2nd period - Snap shot by Drake Batherson.
8:21 of 2nd period - Stopped by Darcy Kuemper with a rebound.
8:25 of 2nd period - Wrist shot by Barrett Hayton.
8:25 of 2nd period - Stopped by Darcy Kuemper without a rebound.
8:26 of 2nd period - Tomas Hertl wins face-off versus Nico Hischier in Tampa Bay Lightning zone.
8:52 of 2nd period - Snap shot by Alex Ovechkin.
8:52 of 2nd period - Shot Blocked by Darnell Nurse.
8:54 of 2nd period - Snap shot by Alex Ovechkin.
8:54 of 2nd period - Stopped by Darcy Kuemper without a rebound.
8:55 of 2nd period - Anze Kopitar wins face-off versus Brayden Point in Tampa Bay Lightning zone.
9:07 of 2nd period - Snap shot by Patrick Kane.
9:07 of 2nd period - Stopped by Darcy Kuemper without a rebound.
9:08 of 2nd period - Roope Hintz wins face-off versus Brayden Point in Tampa Bay Lightning zone.
9:13 of 2nd period - Snap shot by Alex Ovechkin.
9:13 of 2nd period - Shot Misses the Net.
9:41 of 2nd period - Icing by Ryan Graves.
9:42 of 2nd period - Anze Kopitar wins face-off versus Nico Hischier in Tampa Bay Lightning zone.
9:55 of 2nd period - Snap shot by Kirill Kaprizov.
9:55 of 2nd period - Shot Blocked by Jason Robertson.
9:57 of 2nd period - Slapshot by Ryan Graves.
9:57 of 2nd period - Deflect By Kirill Kaprizov.
9:57 of 2nd period - Shot Misses the Net.
9:57 of 2nd period - Puck is out of play.
9:58 of 2nd period - Alex Ovechkin wins face-off versus Tomas Hertl in Washington Capitals zone.
10:34 of 2nd period - Roope Hintz is hit by Jason Robertson and loses puck.
11:00 of 2nd period - Minor Penalty to Drake Batherson for Goalie Interference.
11:01 of 2nd period - Isac Lundestrom wins face-off versus Tomas Hertl in Washington Capitals zone.
11:01 of 2nd period - Isac Lundestrom is hit by Hampus Lindholm.
13:00 of 2nd period - Penalty to Drake Batherson is over, Drake Batherson is back on ice.
13:12 of 2nd period - Slapshot by Patrick Kane.
13:12 of 2nd period - Stopped by Darcy Kuemper with a rebound.
13:58 of 2nd period - Roope Hintz is hit by Drake Batherson and loses puck.
14:26 of 2nd period - Anze Kopitar is hit by Isac Lundestrom and loses puck.
15:08 of 2nd period - Brad Marchand is hit by Vladislav Gavrikov and loses puck.
15:19 of 2nd period - Dylan DeMelo is hit by Ryan Graves and loses puck.
15:49 of 2nd period - Wrist shot by Brad Marchand.
15:49 of 2nd period - Shot Blocked by Vladislav Gavrikov.
15:51 of 2nd period - Slapshot by Nico Hischier.
15:51 of 2nd period - Stopped by Darcy Kuemper without a rebound.
15:52 of 2nd period - Brayden Point wins face-off versus Alexander Kerfoot in Tampa Bay Lightning zone.
15:55 of 2nd period - Slapshot by Patrick Kane.
15:55 of 2nd period - Stopped by Darcy Kuemper without a rebound.
15:56 of 2nd period - Brayden Point wins face-off versus Lars Eller in Tampa Bay Lightning zone.
16:01 of 2nd period - Snap shot by Brayden Point.
16:01 of 2nd period - Shot Misses the Net.
16:29 of 2nd period - Gabriel Landeskog is hit by Brayden Point and loses puck.
17:24 of 2nd period - Slapshot by Nick Jensen.
17:24 of 2nd period - Shot Misses the Net.
17:36 of 2nd period - Snap shot by Fabian Zetterlund.
17:36 of 2nd period - Shot Hit the Post.
18:37 of 2nd period - Wrist shot by Johnny Gaudreau.
18:37 of 2nd period - Shot Misses the Net.
18:39 of 2nd period - Snap shot by Connor Brown.
18:39 of 2nd period - Shot Misses the Net.
18:41 of 2nd period - Slapshot by Vladislav Gavrikov.
18:41 of 2nd period - Stopped by Jake Oettinger without a rebound.
18:42 of 2nd period - Isac Lundestrom wins face-off versus Johnny Gaudreau in Washington Capitals zone.
19:13 of 2nd period - Snap shot by Kirill Kaprizov.
19:13 of 2nd period - Stopped by Jake Oettinger without a rebound.
19:14 of 2nd period - Roope Hintz wins face-off versus Brayden Point in Washington Capitals zone.
19:39 of 2nd period - Tomas Hertl is hit by Brad Marchand and loses puck.
19:48 of 2nd period - Wrist shot by Brad Marchand.
19:48 of 2nd period - Stopped by Darcy Kuemper without a rebound.
19:49 of 2nd period - Anze Kopitar wins face-off versus Alex Ovechkin in Tampa Bay Lightning zone.
19:54 of 2nd period - Anze Kopitar is hit by Dylan DeMelo and loses puck.
Goals for this period are 1 for Washington Capitals vs 0 for Tampa Bay Lightning.
Shots for this period are 15 for Washington Capitals vs 6 for Tampa Bay Lightning.
3rd period
0:01 of 3rd period - Patrick Kane wins face-off versus Connor Brown in neutral zone.
0:10 of 3rd period - Snap shot by Alex Ovechkin.
0:10 of 3rd period - Shot Misses the Net.
0:26 of 3rd period - Kirill Kaprizov is hit by John Carlson and loses puck.
0:31 of 3rd period - Wrist shot by Brad Marchand.
0:31 of 3rd period - Stopped by Darcy Kuemper with a rebound.
0:33 of 3rd period - Wrist shot by Jason Robertson.
0:33 of 3rd period - Goal by Jason Robertson - Washington Capitals : 2 - Tampa Bay Lightning : 2.
0:34 of 3rd period - Anze Kopitar wins face-off versus Brayden Point in neutral zone.
0:39 of 3rd period - Snap shot by Kirill Kaprizov.
0:39 of 3rd period - Shot Misses the Net.
0:49 of 3rd period - Backhand shot by Brayden Point.
0:49 of 3rd period - Shot Misses the Net.
0:51 of 3rd period - Slapshot by Dylan DeMelo.
0:51 of 3rd period - Stopped by Darcy Kuemper without a rebound.
0:52 of 3rd period - Roope Hintz wins face-off versus Nico Hischier in Tampa Bay Lightning zone.
0:52 of 3rd period - Roope Hintz is hit by Jason Robertson.
1:00 of 3rd period - Wrist shot by Christian Dvorak.
1:00 of 3rd period - Stopped by Jake Oettinger with a rebound.
1:14 of 3rd period - Minor Penalty to Brad Marchand for Hooking.
1:15 of 3rd period - Isac Lundestrom wins face-off versus Tomas Hertl in Washington Capitals zone.
1:26 of 3rd period - Snap shot by Kirill Kaprizov.
1:26 of 3rd period - Deflect By John Carlson.
1:26 of 3rd period - Goal by Kirill Kaprizov - Washington Capitals : 2 - Tampa Bay Lightning : 3.
1:27 of 3rd period - Brayden Point wins face-off versus Tomas Hertl in neutral zone.
1:42 of 3rd period - Wrist shot by Patrick Kane.
1:42 of 3rd period - Shot Blocked by Moritz Seider.
1:44 of 3rd period - Wrist shot by Dylan DeMelo.
1:44 of 3rd period - Shot Misses the Net.
1:54 of 3rd period - Kirill Kaprizov is hit by Barrett Hayton and loses puck.
2:42 of 3rd period - Minor Penalty to Hampus Lindholm for Holding.
2:43 of 3rd period - Anze Kopitar wins face-off versus Brayden Point in Tampa Bay Lightning zone.
2:59 of 3rd period - Alex Ovechkin is hit by Tomas Hertl and loses puck.
3:43 of 3rd period - Wrist shot by Connor Brown.
3:43 of 3rd period - Stopped by Jake Oettinger without a rebound.
3:44 of 3rd period - Anze Kopitar wins face-off versus Brayden Point in Washington Capitals zone.
4:42 of 3rd period - Penalty to Hampus Lindholm is over, Hampus Lindholm is back on ice.
5:42 of 3rd period - Snap shot by Dylan Cozens.
5:42 of 3rd period - Shot Misses the Net.
6:12 of 3rd period - Wrist shot by Patrick Kane.
6:12 of 3rd period - Shot Misses the Net.
6:18 of 3rd period - Snap shot by Brayden Point.
6:18 of 3rd period - Shot Misses the Net.
7:29 of 3rd period - Wrist shot by Kirill Kaprizov.
7:29 of 3rd period - Shot Misses the Net.
7:31 of 3rd period - Snap shot by Anze Kopitar.
7:31 of 3rd period - Stopped by Jake Oettinger with a rebound.
7:33 of 3rd period - Backhand shot by Alexander Romanov.
7:33 of 3rd period - Shot Misses the Net.
7:35 of 3rd period - Snap shot by Kirill Kaprizov.
7:35 of 3rd period - Shot Misses the Net.
7:37 of 3rd period - Snap shot by Alexander Romanov.
7:37 of 3rd period - Shot Blocked by Nick Jensen.
7:43 of 3rd period - Minor Penalty to Drake Batherson for High sticking.
7:44 of 3rd period - Tomas Hertl wins face-off versus Brad Marchand in Washington Capitals zone.
8:03 of 3rd period - Brad Marchand is hit by Johnny Gaudreau and loses puck.
9:18 of 3rd period - Johnny Gaudreau is hit by Isac Lundestrom and loses puck.
9:43 of 3rd period - Penalty to Drake Batherson is over, Drake Batherson is back on ice.
9:50 of 3rd period - Drake Batherson is hit by Hampus Lindholm and loses puck.
10:10 of 3rd period - Ian Cole is hit by Vladislav Gavrikov and loses puck.
10:27 of 3rd period - Vladislav Gavrikov is hit by Fabian Zetterlund.
10:37 of 3rd period - Barrett Hayton is hit by Ivan Barbashev and loses puck.
11:30 of 3rd period - Moritz Seider is hit by Connor Murphy and loses puck.
12:07 of 3rd period - Icing by Moritz Seider.
12:08 of 3rd period - Tomas Hertl wins face-off versus Jason Robertson in Tampa Bay Lightning zone.
13:10 of 3rd period - Slapshot by Alexander Kerfoot.
13:10 of 3rd period - Goal by Alexander Kerfoot - Washington Capitals : 2 - Tampa Bay Lightning : 4.
13:11 of 3rd period - Anze Kopitar wins face-off versus Patrick Kane in neutral zone.
13:14 of 3rd period - Snap shot by Gabriel Landeskog.
13:14 of 3rd period - Shot Blocked by John Carlson.
13:16 of 3rd period - Wrist shot by Gabriel Landeskog.
13:16 of 3rd period - Shot Blocked by John Carlson.
13:18 of 3rd period - Snap shot by Gabriel Landeskog.
13:18 of 3rd period - Shot Misses the Net.
13:28 of 3rd period - Snap shot by Gabriel Landeskog.
13:28 of 3rd period - Shot Misses the Net.
13:48 of 3rd period - Patrick Kane is hit by Darnell Nurse and loses puck.
14:48 of 3rd period - Isac Lundestrom is hit by Alexander Kerfoot and loses puck.
15:18 of 3rd period - Wrist shot by Brad Marchand.
15:18 of 3rd period - Shot Blocked by Johnny Gaudreau.
15:39 of 3rd period - John Carlson is hit by Alexander Romanov and loses puck.
15:54 of 3rd period - Snap shot by Gabriel Landeskog.
15:54 of 3rd period - Stopped by Jake Oettinger with a rebound.
16:25 of 3rd period - Minor Penalty to Vladislav Gavrikov for Hooking.
16:26 of 3rd period - Anze Kopitar wins face-off versus Brayden Point in Tampa Bay Lightning zone.
16:37 of 3rd period - Snap shot by Patrick Kane.
16:37 of 3rd period - Shot Blocked by Darnell Nurse.
16:39 of 3rd period - Slapshot by Nikita Zaitsev.
16:39 of 3rd period - Shot Misses the Net.
16:41 of 3rd period - Wrist shot by Brayden Point.
16:41 of 3rd period - Stopped by Darcy Kuemper without a rebound.
16:42 of 3rd period - Brayden Point wins face-off versus Anze Kopitar in Tampa Bay Lightning zone.
17:07 of 3rd period - Darnell Nurse is hit by Brad Marchand and loses puck.
17:12 of 3rd period - Wrist shot by Brad Marchand.
17:12 of 3rd period - Goal by Brad Marchand - Washington Capitals : 3 - Tampa Bay Lightning : 4.
17:13 of 3rd period - Roope Hintz wins face-off versus Barrett Hayton in neutral zone.
17:16 of 3rd period - Snap shot by Christian Dvorak.
17:16 of 3rd period - Goal by Christian Dvorak - Washington Capitals : 3 - Tampa Bay Lightning : 5.
17:17 of 3rd period - Barrett Hayton wins face-off versus Roope Hintz in neutral zone.
17:22 of 3rd period - Snap shot by Drake Batherson.
17:22 of 3rd period - Stopped by Darcy Kuemper without a rebound.
17:23 of 3rd period - Roope Hintz wins face-off versus Barrett Hayton in Tampa Bay Lightning zone.
17:23 of 3rd period - Roope Hintz is hit by Drake Batherson.
17:31 of 3rd period - Wrist shot by Barrett Hayton.
17:31 of 3rd period - Shot Misses the Net.
17:33 of 3rd period - Slapshot by Drake Batherson.
17:33 of 3rd period - Shot Blocked by Darnell Nurse.
17:45 of 3rd period - Minor Penalty to Dylan Cozens for Hooking.
17:46 of 3rd period - Brayden Point wins face-off versus Anze Kopitar in Tampa Bay Lightning zone.
17:55 of 3rd period - Slapshot by Alex Ovechkin.
17:55 of 3rd period - Deflect By Patrick Kane.
17:55 of 3rd period - Shot Hit the Post.
17:55 of 3rd period - Puck is out of play.
17:56 of 3rd period - Anze Kopitar wins face-off versus Brayden Point in Tampa Bay Lightning zone.
18:01 of 3rd period - Wrist shot by Anze Kopitar.
18:01 of 3rd period - Stopped by Jake Oettinger without a rebound.
18:02 of 3rd period - Brayden Point wins face-off versus Anze Kopitar in Washington Capitals zone.
18:15 of 3rd period - Snap shot by John Carlson.
18:15 of 3rd period - Stopped by Darcy Kuemper without a rebound.
18:16 of 3rd period - Anze Kopitar wins face-off versus Brayden Point in Tampa Bay Lightning zone.
18:59 of 3rd period - Slapshot by John Carlson.
18:59 of 3rd period - Stopped by Darcy Kuemper with a rebound.
19:42 of 3rd period - Icing by Patrick Kane.
19:43 of 3rd period - Anze Kopitar wins face-off versus Brayden Point in Washington Capitals zone.
19:44 of 3rd period - Snap shot by Tomas Hertl.
19:44 of 3rd period - Shot Misses the Net.
19:45 of 3rd period - Penalty to Dylan Cozens is over, Dylan Cozens is back on ice.
Goals for this period are 2 for Washington Capitals vs 3 for Tampa Bay Lightning.
Shots for this period are 8 for Washington Capitals vs 8 for Tampa Bay Lightning.
Back to the Top